 Dungeon Crawl Stone Soup version 0.24-a0-545-gd1b266bae6 (webtiles) character file.

Game seed: 6534399033325611013

0 Jannitor the Ducker (level 1, -5/11 HPs)
             Began as a Spriggan Abyssal Knight on Aug 18, 2019.
             Was a Follower of Lugonu.
             Slain by a thrashing horror (7 damage)
             ... on level 1 of the Abyss.
             The game lasted 00:02:02 (318 turns).

Jannitor the Ducker (Spriggan Abyssal Knight)        Turns: 318, Time: 00:02:03

Health: -5/11      AC:  2    Str:  8    XL:     1   Next: 0%
Magic:  3/3        EV: 18    Int: 13    God:    Lugonu [*.....]
Gold:   14         SH:  0    Dex: 15    Spells: 0/0 levels left

rFire    . . .     SeeInvis +   a - +1 short sword
rCold    . . .     Gourm    .   (shield restricted)
rNeg     . . .     Faith    .   b - +0 robe
rPois    +         Spirit   .   (helmet restricted)
rElec    .         Reflect  .   (no cloak)
rCorr    .         Harm     .   (gloves unavailable)
MR       .....                  (boots unavailable)
Stlth    +.........             (no amulet)
HPRegen  0.00/turn              f - ring of poison resistance
MPRegen  0.08/turn              (no ring)

@: non-regenerating, diseased, very quick
A: very small, unfitting armour, see invisible, herbivore, speed 3, slow
metabolism 2
a: Depart the Abyss, Renounce Religion


You were on level 1 of the Abyss.
You worshipped Lugonu.
Lugonu was aware of your devotion.
You were not hungry.

You visited 0 branches of the dungeon, and saw 0 of its levels.
You visited the Abyss 1 time.

You collected 14 gold pieces.

Inventory:

Hand Weapons
 a - a +1 short sword (weapon)
 d - a +0 hunting sling
Armour
 b - a +0 robe (worn)
Jewellery
 f - a ring of poison resistance (left hand)
Scrolls
 e - a scroll of identify {unknown}
 g - a scroll of teleportation {unknown}
Comestibles
 c - a ration


   Skills:
 + Level 2.4 Fighting
 + Level 2.1 Short Blades
 + Level 3.5 Dodging
 + Level 1.7 Invocations


You couldn't memorise any spells.
You didn't know any spells.
Your spell library was empty.

Dungeon Overview and Level Annotations

Branches:
Dungeon (0/15)

Altars:


Innate Abilities, Weirdness & Mutations

You are very small and have problems with some larger weapons.
You are too small for most types of armour.
You have supernaturally acute eyesight. (SInv)
You are a herbivore.
You cover ground extremely quickly.
You need to consume almost no food.


Message History

A white very ugly thing comes into view.
The white very ugly thing gurgles horribly!
The bone dragon barely misses you. x2
The bone dragon tramples you but does no damage.
Found a leather armour.
A tentacled starspawn comes into view.
Tentacles burst from the starspawn's body! 2 starspawn tentacles come into view.
The smoke demon roars!
The smoke demon gestures at you. The ball of steam misses you.
A large abomination comes into view.
An ancient zyme comes into view.
You are engulfed in a cloud of scalding steam.
You feel yourself growing ill in the presence of the ancient zyme.
You are engulfed in a cloud of scalding steam.
* * * LOW HITPOINT WARNING * * *
You feel ill. The thrashing horror tramples you!
Ouch! That really hurt!
You die...

.# ##.## #.
.###...###. .#.....#.
... ....... #....
..... #... ...# #.#
##X## ##.##
#...###...###X@.##
..§..#.....#.....#..
..§..................
... §.................
......................
..............x.......
.##.§....##......##..
.. #......##......# ..
....................


You could see an ancient zyme and a thrashing horror.

Vanquished Creatures (others)
  6 starspawn tentacles (Abyss:1)
6 creatures vanquished.

Notes
Turn   | Place    | Note
-------+----------+-------------------------------------------
     0 | Abyss:1  | Jannitor the Spriggan Abyssal Knight began the quest for
                  | the Orb.
     0 | Abyss:1  | Reached XP level 1. HP: 11/11 MP: 3/3
    22 | Abyss:1  | Found a corrupted altar of Lugonu.
    33 | Abyss:1  | Noticed a lich
    53 | Abyss:1  | Noticed a thrashing horror
    90 | Abyss:1  | Noticed a bone dragon
    90 | Abyss:1  | Noticed a large abomination
    97 | Abyss:1  | Noticed a chaos spawn
   111 | Abyss:1  | Noticed a tentacled starspawn
   121 | Abyss:1  | Noticed a small abomination
   187 | Abyss:1  | Noticed an ancient zyme
   238 | Abyss:1  | Noticed a hell hound
   246 | Abyss:1  | Noticed an insubstantial wisp
   259 | Abyss:1  | Noticed a white very ugly thing
   297 | Abyss:1  | Noticed a tentacled starspawn
   310 | Abyss:1  | Noticed a thrashing horror
   310 | Abyss:1  | Noticed a smoke demon
   312 | Abyss:1  | Noticed a large abomination
   313 | Abyss:1  | Noticed an ancient zyme
   318 | Abyss:1  | Slain by a thrashing horror

Levels and vault maps discovered:
Abyss:1

Action                   || total
-------------------------++-------
Armor: Robe              ||     1
Dodge: Dodged            ||     3

Table legend:
 A = Non-vault XP
 B = Vault XP
 C = Vault XP percentage of total XP
 D = Non-vault monster count
 E = Vault monster count
 F = Vault count percentage of total count
                 A         B        C        D         E       F
            +---------+---------+-------+---------+---------+-------
      Total |       0 |       0 |   N/A |       0 |       0 |  -nan
            +---------+---------+-------+---------+---------+-------
            +---------+---------+-------+---------+---------+-------
